 Dungeon Crawl Stone Soup version 0.31-a0-182-gc5ef74bbde (webtiles) character file.

Game seed: 2874225649290798936

53 qw the Chopper (level 3, -1/23 HPs)
             Began as a Gargoyle Fighter on June 20, 2023.
             Killed from afar by Sigmund (3 damage)
             ... with a magic dart
             ... on level 2 of the Dungeon.
             The game lasted 00:00:34 (822 turns).

qw the Chopper (Gargoyle Fighter)                    Turns: 822, Time: 00:00:34

Health: -1/23      AC: 10    Str: 21    XL:     3   Next: 89%
Magic:  3/3        EV:  9    Int:  8    God:
Gold:   82         SH:  4    Dex:  9    Spells: 2/2 levels left

rFire   . . .        Y - +0 war axe
rCold   . . .        c - +0 buckler
rNeg    + . .        b - +0 scale mail
rPois   inf          (no helmet)
rElec   +            (no cloak)
rCorr   .            (no gloves)
SInv    .            (no boots)
Will    .....        (no amulet) Stlth
                     (no ring)
HPRegen 0.23/turn    (no ring)
MPRegen 0.08/turn

%: no passive effects
@: slowed, very slow
A: sickness immunity, AC +3, negative energy resistance 1, electricity
resistance, torment resistance 1, petrification resistance
a: no special abilities


You were on level 2 of the Dungeon.
You visited 1 branch of the dungeon, and saw 2 of its levels.

You collected 82 gold pieces.


Innate Abilities, Weirdness & Mutations

You are immune to sickness and miasma.
Your stone body is resilient. (AC +3)
You are immune to poison.
You resist negative energy. (rN+)
You are resistant to electric shocks. (rElec)
You are resistant to unholy torment.
You are immune to petrification.


   Skills:
 - Level 3.2 Fighting
 + Level 3.7 Axes
 - Level 3.2 Armour
 - Level 3.2 Shields


You had 2 spell levels left.
You didn't know any spells.
Your spell library was empty.

Inventory:

Hand Weapons
 g - a +0 flail
 Y - a +0 war axe (weapon)
Armour
 b - a +0 scale mail (worn)
 c - a +0 buckler (worn)
Potions
 d - 2 potions of might

Dungeon Overview and Level Annotations

Branches:
Dungeon (2/15)

Altars:

Annotations:
D:2 Sigmund


Message History

Natasha claws you.
The cerulean imp hits you from afar with a +1 spear.
The cerulean imp hits you with a +0 spear.
You hit Natasha.
Natasha is lightly wounded.
You closely miss the cerulean imp. Natasha claws you but does no damage.
Sigmund barely misses you. The cerulean imp closely misses you. x2
Natasha stares at you and mumbles some strange words.
You feel yourself slow down.
You slash Natasha!
Natasha is severely wounded.
You completely miss the cerulean imp.
The cerulean imp hits you but does no damage. x2
Sigmund hits you but does no damage. Natasha barely misses you.
The cerulean imp hits you from afar with a +1 spear.
The cerulean imp hits you but does no damage.
Natasha barely misses you.
Sigmund hits you from afar with a +2 scythe of protection!
You hit Natasha.
Natasha is almost dead.
You barely miss the cerulean imp.
The cerulean imp hits you but does no damage.
The cerulean imp hits you with a +0 spear.
Natasha casts a spell at you.
You feel as though you will be slow longer.
The cerulean imp closely misses you. The cerulean imp barely misses you.
Sigmund gestures wildly while chanting.
Sigmund flickers and vanishes!
Deactivating autopickup; reactivate with Ctrl-A.
Natasha stares at you and mumbles some strange words.
You resist with significant effort.
You hit Natasha.
You kill Natasha!
Natasha screams in fury as she dies!
The cerulean imp disappears in a puff of smoke! x2
Something hits you but does no damage.
A magic dart appears from out of thin air!
The magic dart hits you.
You die...

#.###.#
.#.#...##
.)......#
.#.#....# #
........####.#
####.........#
#......<..#
#.........#
#.....¤@..#
##.#....#.# #
#..¤{#.#
#.......
#..... ..
#.?......#
#.##.#. .# #.
#.#.#


There were no monsters in sight!

Vanquished Creatures
  Natasha (D:2)
  A gnoll (D:1)
  An adder (D:2)
  A dart slug (D:1)
  3 ball pythons (D:1)
  2 endoplasms (D:1)
  2 goblins (D:1)
  4 hobgoblins (D:1)
  4 jackals (D:1)
  3 kobolds (D:1)
  3 quokkas (D:1)
  3 bats (D:1)
  2 frilled lizards (D:1)
  2 rats (D:1)
32 creatures vanquished.

Notes
Turn   | Place    | Note
-------+----------+-------------------------------------------
     0 | D:1      | qw the Gargoyle Fighter began the quest for the Orb.
     0 | D:1      | Reached XP level 1. HP: 14/14 MP: 1/1
     0 | D:1      | 0 ||| qw: Version: 0.3-a-9-g12657ce
     0 | D:1      | 0 ||| qw: Game counter: 1317
     0 | D:1      | 0 ||| qw: Always use a shield: true
     0 | D:1      | 0 ||| qw: God list: Okawaru
     0 | D:1      | 0 ||| qw: Allow faded altars: false
     0 | D:1      | 0 ||| qw: Do Orc after D:15 true
     0 | D:1      | 0 ||| qw: Do second Lair branch before Depths: true
     0 | D:1      | 0 ||| qw: Lair rune preference: random
     0 | D:1      | 0 ||| qw: Plans: Normal, Zot:1-4, Slime:5, God:TSO, Crypt,
                  | Tomb, Abyss, Pan, Hells, Win
     0 | D:1      | 0 ||| PLANNING D:1-11
    85 | D:1      | Reached XP level 2. HP: 17/19 MP: 2/2
   112 | D:1      | Found a faded altar of an unknown god.
   200 | D:1      | 200 ||| Stepping ~*~*~tactically~*~*~ (hiding).
   384 | D:1      | Reached skill level 3 in Axes
   505 | D:1      | Reached XP level 3. HP: 23/23 MP: 3/3
   545 | D:1      | 545 ||| Stepping ~*~*~tactically~*~*~ (stealth).
   546 | D:1      | 546 ||| Stepping ~*~*~tactically~*~*~ (stealth).
   554 | D:1      | 554 ||| Stepping ~*~*~tactically~*~*~ (stealth).
   645 | D:1      | 645 ||| DROPPING +0 club.
   747 | D:1      | 747 ||| READING scroll labelled OSONWU ZEPU.
   762 | D:1      | 762 ||| READING scroll labelled FUOCRA QIFI.
   808 | D:2      | Noticed Sigmund
   810 | D:2      | Noticed Natasha
   820 | D:2      | HP: 5/23 [Sigmund/+2 scythe of protection (8)]
   821 | D:2      | HP: 1/23 [cerulean imp/+0 spear[Natasha] (4)]
   822 | D:2      | Killed Natasha
   822 | D:2      | Killed from afar by Sigmund

Levels and vault maps discovered:
D:1:      spicycebolla_green_bress_n_ham, layout_loops_ring,
          ebering_ecumenical_altar_petrified, solitary_fountain,
          minmay_door_square, st_stairs_14, feat_on_display
D:2:      layout_loops_ring, hangedman_decor_clover_reticule, uniq_sigmund,
          uniq_natasha

Skill      XL: |  1  2 |
---------------+-------+-----
Axes           | 2 3 |  3.7
Fighting       | |  3.2
Armour         | |  3.2
Shields        | |  3.2

Action                     || total
---------------------------++-------
  Melee: War axe           ||   102
    Use: Scroll            ||     2
 Armour: Scale mail        ||    51
  Dodge: Dodged            ||    48
  Block: Buckler           ||    18

Table legend:
 A = Non-vault XP
 B = Vault XP
 C = Vault XP percentage of total XP
 D = Non-vault monster count
 E = Vault monster count
 F = Vault count percentage of total count
                 A         B        C        D         E       F
            +---------+---------+-------+---------+---------+-------
      Total |      74 |      39 |  34.5 |      29 |       3 |   9.4
            +---------+---------+-------+---------+---------+-------
        D:1 |      61 |       3 |   4.7 |      28 |       2 |   6.7
        D:2 |      13 |      36 |  73.5 |       1 |       1 |  50.0
            +---------+---------+-------+---------+---------+-------
